 Dungeon Crawl Stone Soup version 0.21.0 (webtiles) character file.

4818 zeke the Cleaver (level 10, -8/83 HPs)
             Began as a Minotaur Fighter on Jan 6, 2018.
             Was a High Priest of Okawaru.
             Killed from afar by an electric eel (13 damage)
             ... with a bolt of electricity
             ... on level 8 of the Dungeon.
             The game lasted 00:18:21 (6363 turns).

zeke the Cleaver (Minotaur Fighter)                 Turns: 6363, Time: 00:18:21

Health: -8/83      AC: 14    Str: 24    XL:     10   Next: 24%
Magic:  9/9        EV:  9    Int:  5    God:    Okawaru [*****.]
Gold:   452        SH: 11    Dex: 10    Spells: 9/9 levels left

rFire    . . .     SeeInvis .   L - +0 war axe (elec)
rCold    . . .     Gourm    .   c - +0 shield
rNeg     . . .     Faith    .   b - +0 scale mail
rPois    +         Spirit   .   H - +2 hat
rElec    .         Reflect  .   G - +1 cloak
rCorr    .         Harm     .   (no gloves)
MR       +....                  (no boots)
Stlth    ..........             n - amulet of rage
HPRegen  0.23/turn              t - +4 ring of slaying
MPRegen  0.11/turn              k - ring of protection from magic (curse)

@: no status effects
A: retaliatory headbutt, horns 2, talons 1, thin metallic scales 1, poison
resistance
a: Heroism, Finesse, Renounce Religion, Evoke Berserk Rage


You were on level 8 of the Dungeon.
You worshipped Okawaru.
Okawaru was extremely pleased with you.
You were not hungry.

You visited 1 branch of the dungeon, and saw 8 of its levels.
You also visited: Ossuary.

You collected 452 gold pieces.

Inventory:

Hand Weapons
 L - a +0 war axe of electrocution (weapon)
Armour
 b - a +0 scale mail (worn)
 c - a +0 shield (worn)
 G - a +1 cloak (worn)
 H - a +2 hat (worn)
Jewellery
 g - an uncursed ring of poison resistance
 k - a cursed ring of protection from magic (right hand)
 n - an amulet of rage (around neck)
 r - an uncursed ring of protection from magic
 t - a +4 ring of slaying (left hand)
 v - an uncursed ring of positive energy
 y - an uncursed ring of magical power
 C - an uncursed ring of resist corrosion
 D - a cursed ring of loudness {unknown}
 O - an uncursed amulet of magic regeneration {unknown}
Wands
 h - a wand of flame (18)
 u - a wand of enslavement (5)
 F - a wand of clouds (4)
 K - a wand of scattershot (4)
 P - a wand of digging (13)
Scrolls
 a - a scroll of blinking
 e - a scroll of amnesia
 i - 3 scrolls of teleportation
 j - a scroll of immolation
 l - 16 scrolls of identify {unknown}
 o - 2 scrolls of enchant armour
 p - a scroll of fear
 q - a scroll of noise
 A - 2 scrolls of fog {unknown}
 E - 3 scrolls of remove curse
 J - 3 scrolls of enchant weapon {unknown}
Potions
 d - 2 potions of might
 m - 4 potions of curing
 s - 2 potions of agility
 x - a potion of flight {unknown}
 z - 3 potions of haste {unknown}
 B - a potion of brilliance {unknown}
 I - 2 potions of degeneration {unknown}
 M - 3 potions of heal wounds {unknown}
 N - 2 potions of mutation
Books
 w - a book of Cantrips

   Spells                             Type                      Level
   a - Confusing Touch                Hexes                        1
   b - Animate Skeleton               Necromancy                   1
   c - Summon Small Mammal            Summoning                    1
   d - Apportation                    Translocation                1
Comestibles
 f - 10 rations


   Skills:
 + Level 6.3 Fighting
 * Level 13.9 Axes
 + Level 6.6 Armour
 + Level 3.0 Dodging
 + Level 0.7 Stealth
 + Level 7.4 Shields
 + Level 0.2 Invocations
 + Level 1.2 Evocations


You had 9 spell levels left.
You didn't know any spells.

Dungeon Overview and Level Annotations

Branches:
Dungeon (8/15)             Temple (0/1) D:7            Lair (0/6) D:8

Altars:
Ashenzari
Cheibriados
Dithmenos
Fedhas
Gozag
Okawaru
Sif Muna
Vehumet
Wu Jian
Xom


Innate Abilities, Weirdness & Mutations

You reflexively headbutt those who attack you in melee.
You have a pair of horns on your head.
You have sharp toenails.
You are partially covered in thin metallic scales. (AC +2)
Your system is resistant to poisons. (rPois)


Message History

The electric eel shoots out a bolt of lightning at you!
The bolt of electricity hits the electric eel.
The electric eel completely resists.
The bolt of electricity hits the electric eel.
The electric eel completely resists.
The bolt of electricity hits you!
The electric eel shoots out a bolt of lightning at you!
The bolt of electricity hits you!
* * * LOW HITPOINT WARNING * * *
You hit the electric eel. You headbutt the electric eel.
The electric eel is heavily wounded.
You completely miss the electric eel.
The electric eel shoots out a bolt of lightning at you!
The bolt of electricity hits you!
* * * LOW HITPOINT WARNING * * *
The electric eel shoots out a bolt of lightning at you!
The bolt of electricity hits the electric eel.
The electric eel completely resists.
The bolt of electricity hits the electric eel.
The electric eel completely resists.
The bolt of electricity hits you!
You die...

.....,,,,,,≈,,,,≈,,..............
..≈≈.,≈≈,≈≈≈..≈..................
≈≈≈≈≈≈≈≈≈≈≈≈≈≈≈..................
h≈≈≈≈≈≈≈,.≈≈≈≈.≈....h............
..≈≈≈≈,,,≈..≈≈≈..................
≈≈≈≈≈,,,,..≈≈≈.≈≈..#######......#
.....,,,,>..≈≈≈≈.........#......#
≈≈≈≈≈,≈,,..≈≈≈≈.;........#......#
≈≈≈≈≈,≈≈,.≈.≈;;;@........+......#
≈≈≈≈≈≈≈≈≈≈≈≈≈≈≈.≈....##..#......#
,,≈,≈≈≈≈≈≈≈≈.≈≈≈.$...##..##.....#
≈≈,,≈≈≈≈≈≈≈≈≈≈.......#....#.....#
,,,,,,≈≈≈≈≈≈≈........#....#.....#
,,,,,,,≈≈≈≈≈≈........#....#.....#
*,,,,,,,*#...###..##.####.#.....#
,,,,*+***#...**#..##.#*##.###....
,,,,*,,,,,,,,,,...+...,#....#....


You could see a wolf (wandering) and 4 electric eels.

Vanquished Creatures
  A two-headed ogre (D:8)
  The ghost of lukano the Skirmisher, a novice MiBe of Trog (D:6)
  Pikel (D:8)
  Joseph (D:8)
  A troll (D:8)
  A hornet (D:8)
  A wyvern (D:8)
  A hungry ghost (D:7)
  An orc warrior (D:7)
  4 slaves (D:8)
  The ghost of Warden the Slasher, an amateur DsGl (D:3)
  An ogre (D:7)
  2 centaurs
  A big kobold (D:7)
  4 elf zombies (Ossuary)
  4 bullfrogs
  3 scorpions
  2 centaur zombies (Ossuary)
  2 crimson imps (D:5)
  7 hounds
  A centaur skeleton (D:4)
  6 human zombies (Ossuary)
  2 orc priests (D:8)
  Crazy Yiuf (D:6)
  4 worker ants
  3 orc wizards
  Ijyb (D:3)
  A statue (D:7)
  A hound zombie (D:8)
  3 mummies (Ossuary)
  8 gnolls
  4 adders
  3 oozes
  An adder zombie (D:5)
  2 adder skeletons
  2 worms
  4 dart slugs
  5 leopard geckos
  16 orcs
  3 ball pythons
  A giant cockroach (D:2)
  7 goblins
  10 hobgoblins
  7 jackals (D:5)
  13 kobolds
  3 quokkas
  3 bats
  4 frilled lizards
  A jackal skeleton (D:5)
  A jackal zombie (D:5)
  11 rats
172 creatures vanquished.

Notes
Turn   | Place    | Note
-------+----------+-------------------------------------------
     0 | D:1      | zeke the Minotaur Fighter began the quest for the Orb.
     0 | D:1      | Reached XP level 1. HP: 19/19 MP: 0/0
   222 | D:1      | Reached XP level 2. HP: 26/27 MP: 1/1
   503 | D:1      | Reached XP level 3. HP: 33/33 MP: 2/2
   550 | D:1      | Reached skill level 3 in Axes
   891 | D:2      | Reached XP level 4. HP: 16/40 MP: 3/3
  1105 | D:2      | Found an iron altar of Okawaru.
  1127 | D:2      | Became a worshipper of Warmaster Okawaru
  1240 | D:2      | Reached skill level 4 in Axes
  1383 | D:3      | Reached skill level 1 in Dodging
  1568 | D:3      | Noticed Ijyb
  1572 | D:3      | Killed Ijyb
  1572 | D:3      | Reached XP level 5. HP: 42/46 MP: 4/4
  1592 | D:3      | Noticed Warden's ghost (amateur DsGl)
  1594 | D:3      | Gained mutation: You evolve. [potion of mutation]
  1594 | D:3      | Gained mutation: Armour fits poorly on your strangely shaped body. [potion of mutation]
  1594 | D:3      | Gained mutation: You are partially covered in thin metallic scales. (AC +2) [potion of mutation]
  1595 | D:3      | Lost mutation: You evolve. [potion of mutation]
  1595 | D:3      | Lost mutation: Armour fits poorly on your strangely shaped body. [potion of mutation]
  1595 | D:3      | Gained mutation: Your system is resistant to poisons. (rPois) [potion of mutation]
  1595 | D:3      | Gained mutation: You have sharp toenails. [potion of mutation]
  1601 | D:3      | Killed Warden's ghost
  1601 | D:3      | Reached skill level 5 in Axes
  2231 | D:3      | Found a faded altar of an unknown god.
  2379 | D:3      | Found an opulent altar of Gozag.
  2539 | D:4      | Reached XP level 6. HP: 48/52 MP: 5/5
  2650 | D:4      | Found a blossoming altar of Fedhas.
  2653 | D:4      | Found a shattered altar of Ashenzari.
  2656 | D:4      | Found a deep blue altar of Sif Muna.
  2748 | D:4      | Found a snail-covered altar of Cheibriados.
  2898 | D:4      | Reached skill level 6 in Axes
  2908 | D:4      | Reached * piety under Okawaru
  2908 | D:4      | Reached skill level 5 in Shields
  3241 | D:5      | Entered Level 5 of the Dungeon
  3280 | D:5      | Reached skill level 7 in Axes
  3280 | D:5      | Reached XP level 7. HP: 50/60 MP: 6/6
  3388 | D:5      | Found a shimmering altar of Xom.
  3390 | D:5      | Found an ornate altar of the Wu Jian Council.
  3642 | D:5      | Reached skill level 5 in Armour
  3950 | D:6      | Reached skill level 8 in Axes
  4045 | D:6      | Noticed lukano's ghost (novice MiBe)
  4063 | D:6      | Killed lukano's ghost
  4063 | D:6      | Reached ** piety under Okawaru
  4063 | D:6      | Reached skill level 9 in Axes
  4063 | D:6      | Reached XP level 8. HP: 28/67 MP: 5/7
  4266 | D:6      | Found a runed door.
  4270 | D:6      | Noticed Crazy Yiuf
  4272 | D:6      | Killed Crazy Yiuf
  4430 | D:7      | Reached *** piety under Okawaru
  4430 | D:7      | Reached skill level 5 in Fighting
  4455 | D:7      | Found a shattered altar of Ashenzari.
  4517 | D:7      | Found a radiant altar of Vehumet.
  4522 | D:7      | Reached skill level 10 in Axes
  4619 | D:7      | Found a staircase to the Ecumenical Temple.
  4962 | D:7      | Reached skill level 11 in Axes
  4962 | D:7      | Reached XP level 9. HP: 63/74 MP: 8/8
  5222 | D:8      | Found a shadowy altar of Dithmenos.
  5267 | D:8      | Reached **** piety under Okawaru
  5282 | D:8      | Found a sand-covered staircase.
  5291 | Ossuary  | Entered an ossuary
  5418 | Ossuary  | Reached skill level 12 in Axes
  5456 | D:8      | Noticed a two-headed ogre
  5475 | D:8      | Killed a two-headed ogre
  5475 | D:8      | Reached ***** piety under Okawaru
  5475 | D:8      | Reached skill level 13 in Axes
  5568 | D:8      | Noticed a troll
  5575 | D:8      | Killed a troll
  5599 | D:7      | Reached XP level 10. HP: 13/83 MP: 9/9
  5926 | D:8      | Noticed Pikel
  5932 | D:8      | Noticed Joseph
  5942 | D:8      | Reached skill level 1 in Evocations
  5944 | D:8      | Killed Pikel
  5947 | D:8      | HP: 3/83 [Joseph/sling bullet (8)]
  5952 | D:8      | Killed Joseph
  6359 | D:8      | Found a staircase to the Lair.
  6363 | D:8      | Killed from afar by an electric eel

Skill      XL: |  1  2  3  4  5  6  7  8  9 10 |
---------------+-------------------------------+-----
Armour         | 4 5 6 |  6.6
Fighting       | 4 5 6 |  6.3
Axes           | 3 4 5 7 9 11 13 | 13.9
Shields        | 4 5 6 7 |  7.4
Dodging        | 1 2 3 |  3.0
Evocations     | 1 |  1.2
Stealth        | |  0.7
Invocations    | |  0.2

Action                   |  1- 3 |  4- 6 |  7- 9 | 10-12 || total
-------------------------+-------+-------+-------+-------++-------
Melee: War axe           |    78 |   135 |   183 |    28 ||   424
       Headbutt          |     8 |    27 |    38 |     7 ||    80
       Kick              |       |    21 |    51 |     6 ||    78
Invok: Heroism           |       |       |     1 |     1 ||     2
 Abil: Evoke Berserk Rag |       |     1 |       |       ||     1
Evoke: Wand              |       |       |     5 |       ||     5
  Use: Scroll            |       |     2 |     7 |       ||     9
       Potion            |       |     2 |       |     2 ||     4
  Eat: Chunk             |       |     9 |     4 |     3 ||    16
       Ration            |       |       |     1 |       ||     1
Armor: Scale mail        |    35 |    61 |    66 |    12 ||   174
Dodge: Dodged            |    28 |    34 |    35 |    15 ||   112
Block: Shield            |    52 |    76 |    66 |    12 ||   206
